Workbook
Name Abrechnungsdatum: STATISTIK!$D$27
Name MD_Anzahl: tab_MD_1[Geräteanzahl (Geräte für MDM zählen nicht zur Mindestgerätezahl an Lehrerdienstgeräten)]
Name MD_Auftragsdatum: tab_MD_1[Auftragsdatum (bei Nutzung von Rahmenverträgen: Tag des Abrufs)]
Name MD_Auftragswert: tab_MD_1[Auftragswert Berücksichtigungs- fähige Gesamtkosten gem. Auftrag/Vertrag]
Name MD_Ausgaben_ges: tab_MD_1[Gesamtkosten gemäß Rechnung]
Name MD_Ausgaben_zuw: tab_MD_1[… darunter berück-sichtigungsfähig (einschl. Miet-, Leasing-, Lizenz-ausgaben innerhalb Zweckbindungsfrist)]
Name MD_Gegenstand: tab_MD_1[Gegenstand der staatlichen Leistung (Aufführen aller investiven Ausgaben) (bitte aus Dropdown auswählen)]
Name PR_Anzahl: tab_PRUEFUNG[berücksichtigungs-fähige Lehrer-dienstgeräte]
Name PR_Ausgaben: tab_PRUEFUNG[berücksichtigungs-fähige Ausgaben ]
Name PR_Entscheidung: tab_PRUEFUNG[Maßnahme berück-sichtigungs-fähig]
Name Sofortauszahlung: "Check Box 108"
Name Text3: 'Antrag SoLD'!$D$20
Name VN_Ausgaben: tab_PRUEFUNG[berücksichtigungs-fähige Ausgaben ]

Sheet Antrag SoLD
A1: Antrag auf Gewährung einer staatlichen Leistung im Sonderbudget Lehrerdienstgeräte
A4: Elektronische Projektmappe (.xlsx) ausschließlich per E-Mail: | F4: Zutreffendes bitte ankreuzen T oder ausfüllen
A5: =IF(MID(F9,2,1)="x","An die zuständige Stelle im Staatsministerium",CONCATENATE("An die Regierung ",IF(LEFT(F9)="3","der ","von "),IF(LEFT(F9)="1","Oberbayern",IF(LEFT(F9)="2","Niedebayern",IF(LEFT(F9)="3","Oberpfalz",IF(LEFT(F9)="4","Oberfranken",IF(LEFT(F9)="5","Mittelfranken",IF(LEFT(F9)="6","Unterfranken",IF(LEFT(F9)="7","Schwaben","XX"))))))))) -> An die Regierung von XX
A6: =IF(MID(F9,2,1)="x","",CONCATENATE("lehrerdienstgeraete@reg-",IF(LEFT(F9)="1","ob",IF(LEFT(F9)="2","nb",IF(LEFT(F9)="3","opf",IF(LEFT(F9)="4","ofr",IF(LEFT(F9)="5","mfr",IF(LEFT(F9)="6","ufr",IF(LEFT(F9)="7","schw","XX"))))))),".bayern.de")) -> lehrerdienstgeraete@reg-XX.bayern.de | G6: , den
F7: Ort | H7: Datum
A8: sowie an die benannte Stelle | F8: Kennziffer des Schulaufwandsträgers
A9: lehrerdienstgeraete@stmuk.bayern.de
A12: 1. | B12: Antragsteller
B13: Der Antragsteller ist ein/eine:
B14: Name laut Anlage zur SoLD
B15: =IFERROR(INDEX(tab_SATLISTE[Schulaufwandsträger],MATCH($F$9,tab_SATLISTE[SAT-ID],0)),"")
B16: Straße, Hausnummer | F16: PLZ | G16: Ort
B18: Bankverbindung (IBAN, Geldinstitut)
B20: Auskunft erteilt (ggf. Vertretungsberechtigte/r)
B22: Telefon | D22: E-Mail-Adresse | G22: Gemeindekennziffer
A25: 2. | B25: Maßnahme
B26: =CONCATENATE("Beschaffung von mindestens ", IF(H42>0,H42,"(NR. 4 NOCH AUSZUFÜLLEN)"), " schulgebundenen mobilen Endgeräten einschließlich erforderlichem Zubehör, die Lehrkräften sowie dem weiteren pädagogischen Personal ","als personenbezogene digitale Dienstgeräte dauerhaft oder für einen längeren Zeitraum zur dienstlichen Verwendung innerhalb und außerhalb der Schule zugeordnet werden.") -> Beschaffung von mindestens (NR. 4 NOCH AUSZUFÜLLEN) schulgebundenen mobilen Endgeräten einschließlich erforderlichem Zubehör, die Lehrkräften sowie dem weiteren pädagogischen Personal als personenbezogene digitale Dienstgeräte dauerhaft oder für einen längeren Zeitraum zur dienstlichen Verwendung innerhalb und außerhalb der Schule zugeordnet werden.
A28: 3. | B28: Sonderbudget Lehrerdienstgeräte
B29: Gerätezahl im Sonderbudget Lehrerdienstgeräte gemäß Anlage zur SoLD | H29: =IF($F$9="",0,IFERROR(VLOOKUP($F$9,tab_SATLISTE[],3,FALSE),"")) -> 0
B30: Budgetbetrag im Sonderbudget Lehrerdienstgeräte gemäß Anlage zur SoLD | H30: =IF($F$9="",0,IFERROR(VLOOKUP($F$9,tab_SATLISTE[],4,FALSE),"")) -> 0
B31: … darunter inbegriffen eine Verwaltungskostenpauschale gemäß Anlage zur SoLD von bis zu | H31: =IF($F$9="",0,IFERROR(VLOOKUP($F$9,tab_SATLISTE[],5,FALSE),"")) -> 0
B32: Antragsgrenze gemäß Anlage zur SoLD | H32: =IF($F$9="",0,IFERROR(VLOOKUP($F$9,tab_SATLISTE[],6,FALSE),"")) -> 0
A34: 4. | B34: Bedarf an Lehrerdienstgeräten
B35: Bitte geben Sie hier den Bedarf an Lehrerdienstgeräten an.
B36: Gesamtbedarf an Lehrerdienstgeräten (bitte Stückzahl angeben) | H36: 0
A38: 5. | B38: Beantragte staatliche Leistung im Sonderbudget Lehrerdienstgeräte
B39: Hiermit wird eine staatliche Leistung aus dem "Sonderbudget Lehrerdienstgeräte (SoLD)" des Bayerischen Staatsministeriums für Unterricht und Kultus (KMBek vom 11.01.2021, Az. I.5-BS4400.27/390/1) beantragt.
B40: Beantragte Leistung unter Begrenzung auf Sonderbudget Lehrerdienstgeräte sowie Gesamtbedarf: | H40: =IFERROR(H42*1000,"") -> 0
B41: … darunter inbegriffen eine Verwaltungskostenpauschale gemäß Nr. 6.4 SoLD in Höhe von bis zu | H41: =IFERROR(MIN(H42*250,VLOOKUP($F$9,tab_SATLISTE[],5,FALSE)),"")
B42: Mindestgeräteanzahl gemäß Nr. 6.2 Satz 6 SoLD: | H42: =IFERROR(IF(STATISTIK!C131,IF($F$9="",0,MIN(IF(H36="",0,H36),VLOOKUP(F9,tab_SATLISTE[],3,FALSE))),0),"") -> 0
B43: Hiermit wird die Erhöhung der staatlichen Leistung bis maximal zur Antragsgrenze gemäß Anlage zur SoLD beantragt, die nur im Rahmen durchgeführter Nachbewilligungsrunden bewilligt werden kann.
B44: Zusätzliche staatliche Leistung gemäß Nr. 7.3 SoLD (Nachbewilligungsrunden) | H44: =IFERROR(H46*1000,"") -> 0
B45: … darunter inbegriffen eine Verwaltungskostenpauschale gemäß Nr. 6.4 SoLD in Höhe von bis zu | H45: =IFERROR(MIN(H46*250,H41),"") -> 0
B46: Zusatzgeräte gemäß Nr. 7.3 SoLD (Nachbewilligungsrunden) | H46: =IFERROR(IF(AND(STATISTIK!C131,STATISTIK!C132),IF($F$9="",0,MIN(IF(H36>H42,H36-H42,0),VLOOKUP($F$9,tab_SATLISTE[],6,FALSE)-H42)),0),"") -> 0
A48: 6. | B48: Mittelabruf
B49: Hiermit wird die Auszahlung der Leistung in voller Höhe mit Erlass des Bescheids beantragt.
B50: ja --> | C50: Der Antragsteller hat zur Kenntnis genommen, dass nicht für Maßnahmen gemäß SoLD eingesetzte Restmittel auf Anforderung der Regierung ohne Verzinsung zurückzuzahlen sind.
B51: nein --> | C51: Der Antragsteller hat zur Kenntnis genommen, dass die Auszahlung erst nach abgeschlossener Verwendungs-nachweisprüfung erfolgt.
A52: 7. | B52: Zuwendungen aus anderen Programmen
B53: Der Antragsteller versichert, dass die gemäß SoLD geförderten IT-Ausstattungsgegenstände nicht zusätzlich aus Förderprogrammen des Bundes (v. a. DigitalPakt Schule gemäß dBIR, SoLe), der Europäischen Union (EU) oder aus Haushaltsmitteln des Freistaats Bayern (insbes. nach BaySchFG, BayFAG) gefördert wurden oder werden und auch künftig keine zusätzliche Förderung beantragt wird.
A55: 8. | B55: Maßnahmebeginn
B56: Der Antragsteller erklärt, dass Maßnahmen nicht vor dem 23.07.2020 durch Abschluss eines rechtsverbindlichen Leistungs- oder Liefervertrags begonnen bzw. dass Leistungen ausschließlich für selbstständige, fachlich trennbare Abschnitte einer laufenden Investitionsmaßnahme beantragt werden, die nicht vor dem 23.07.2020 begonnen wurden.
A58: 9. | B58: Erklärung zur Berechtigung zum Vorsteuerabzug
B59: Der Antragsteller erklärt, dass er für die unter Ziffer 2 aufgeführten Vorhaben zum Vorsteuerabzug
B60: berechtigt ist. | E60: nicht berechtigt ist.
A62: 10. | B62: Abdruck für Rechtsaufsichtsbehörde
B63: Für kommunale Schulaufwandsträger: Der Antragsteller erklärt, dass er der Rechtsaufsichtsbehörde einen Abdruck des Antrags übermittelt hat, soweit diese nicht selbst Bewilligungsbehörde ist.
A65: 11. | B65: Erklärungen des Leistungsempfängers
B66: Der Antragsteller erklärt, dass die bewilligten Mittel unter Beachtung der Grundsätze von Wirtschaftlichkeit und Sparsamkeit gem. Art. 7 BayHO dem Leistungszweck entsprechend verwendet werden. Bei nicht zweckentsprechender Verwendung vor Ablauf der Zweckbindungsfrist nach Nr. 5.3 SoLD sind die Leistungen anteilig zurückzubezahlen.
B67: Der Antragsteller erklärt, dass die beschafften Lehrerdienstgeräte Personen nach Nr. 6.2 Satz 3 SoLD zur Erfüllung der dienstlichen Aufgaben in den Bereichen Unterricht und Schulverwaltung unentgeltlich zur Nutzung überlassen werden.
B68: Der Antragsteller erklärt, dass zur Erfüllung des Leistungszwecks die Verwaltung der beschafften Lehrerdienstgeräte als Teil des Schulvermögens der Schulleiterin bzw. dem Schulleiter gemäß Art. 14 Abs. 1 Bayerisches Schulfinanzierungsgesetz (BaySchFG) übertragen und der Nutzung gemäß Nr. 2.3 SoLD nach Maßgabe des Ausstattungsplans im Medienkonzept der Schulen zugestimmt wird.
B69: Der Antragsteller erklärt, dass die beschafften Lehrerdienstgeräte in die digitale kommunale Bildungsinfrastruktur einschließlich der Administrationsstrukturen integriert werden und innerhalb der Schule im konkret vor Ort technisch leistbaren Umfang Zugriff auf die IT-Ressourcen der Schule im dienstlich jeweils erforderlichen Umfang ermöglicht wird.
B70: Der Antragsteller erklärt, dass im Falle der Beantragung von Einmalzahlungen für Miet-, Mietkauf- und Leasingverträge höchstens der auf die Zweckbindungsfrist gemäß Nr. 5.3 SoLD entfallende Kostenanteil nach Maßgabe der Zeitanteile abgerechnet wird.
B71: Der Antragsteller erklärt, dass ihm bekannt ist, dass die im Bescheid festgelegte Leistungshöhe nur bei Beschaffung der erforderlichen Mindestgerätezahl vollständig erreichbar ist. Die staatliche Leistung wird auf das Vielfache der tatsächlich beschafften Lehrerdienstgeräte (Einheit) mit 1.000 € begrenzt, darüber hinausgehende Kosten sind vom Antragsteller zu tragen. Hierfür stehen im Haushaltsplan des Antragstellers ausreichende Mittel zur Verfügung. Die staatliche Leistung vermindert sich auch, insoweit die berücksichtigungsfähigen Investitionsausgaben hinter 75 % des Festbetrags bzw. bei Unterschreitung der Gerätemindestzahl des entsprechend reduzierten Festbetrags zurückbleiben.
B72: Der Antragsteller erklärt, dass die in diesem Antrag gemachten Angaben vollständig und richtig sind.
A74: 12. | B74: Elektronische Übermittlung der Bescheide
B75: Die Bescheide im Vollzug des Sonderbudget Lehrerdienstgeräte können elektronisch bekannt gegeben werden, wenn der Leistungsempfänger hierfür einen Zugang eröffnet (Art. 3 Abs. 1 Satz 2 BayEGovG). Der ausschließlich elektronischen Übermittlung der Bescheide an nachfolgende E-Mail-Adresse wird zugestimmt.
B76: ja, und zwar an: | D76: =IF(D23<>"",D23,"(Bitte E-Mail-Adresse angeben)") -> (Bitte E-Mail-Adresse angeben)
B77: nein
B78: =IF(STATISTIK!C122=FALSE,"ACHTUNG: Bitte vervollständigen Sie die erforderlichen Erklärungen im Antrag vor der Einreichung!","") -> ACHTUNG: Bitte vervollständigen Sie die erforderlichen Erklärungen im Antrag vor der Einreichung!
B79: =IF(STATISTIK!C125=FALSE,"ACHTUNG: Bitte vervollständigen bzw. überprüfen Sie die Angaben zum Vorsteuerabzug unter Nr. 9!","") -> ACHTUNG: Bitte vervollständigen bzw. überprüfen Sie die Angaben zum Vorsteuerabzug unter Nr. 9!
B80: =IF(STATISTIK!C130=FALSE,"ACHTUNG: Bitte vervollständigen bzw. überprüfen Sie die Angaben zur Auszahlung unter Nr. 6!","") -> ACHTUNG: Bitte vervollständigen bzw. überprüfen Sie die Angaben zur Auszahlung unter Nr. 6!
F81: Bitte hier zeichnen
B83: Ort, Datum | F83: Gezeichnet (Zeichnungsberechtigte(r))

Sheet Maßnahmendurchführung
A1: v1.0 | B1: Grundlegende Angaben zur Maßnahme (Bearbeitung durch Leistungsempfänger) | F1: Erforderlich zum Abrechnungszeitpunkt (Bearbeitung durch Leistungsempfänger) | H1: Zusätzlich erforderlich zur Einreichung Verwendungsnachweis (Bearbeitung durch Leistungsempfänger) | K1: Verwendungsnachweisprüfung | N1: offen | P1: offen
A2: lfd. Nr. | B2: Gegenstand der staatlichen Leistung (Aufführen aller investiven Ausgaben) (bitte aus Dropdown auswählen) | C2: Geräteanzahl (Geräte für MDM zählen nicht zur Mindestgerätezahl an Lehrerdienstgeräten) | D2: Schule (für schulübergreifende Maßnahmen die Auswahl "schulübergreifend" nutzen) (bitte aus Dropdown auswählen) | E2: Art der Beschaffung (bitte aus Dropdown auswählen) | F2: Auftragsdatum (bei Nutzung von Rahmenverträgen: Tag des Abrufs) | G2: Auftragswert Berücksichtigungs- fähige Gesamtkosten gem. Auftrag/Vertrag | H2: Rechnungs- datum | I2: Gesamtkosten gemäß Rechnung | J2: … darunter berück-sichtigungsfähig (einschl. Miet-, Leasing-, Lizenz-ausgaben innerhalb Zweckbindungsfrist) | K2: Maßnahme berück-sichtigungs-fähig | L2: berücksichtigungs-fähige Lehrer-dienstgeräte | M2: berücksichtigungs-fähige Ausgaben | N2: Begründung bei Streichung oder Minderung | P2: durchgeführt
A3: =ROW()-2 -> 1 | K3: =IF(AND(tab_MD_1[[#This Row],[… darunter berück-sichtigungsfähig (einschl. Miet-, Leasing-, Lizenz-ausgaben innerhalb Zweckbindungsfrist)]]>0,tab_MD_1[[#This Row],[Auftragsdatum (bei Nutzung von Rahmenverträgen: Tag des Abrufs)]]>DATE(2020,7,22)),"ja","nein") -> nein | L3: =IF(AND(OR(MD_Gegenstand="Lehrerdienstgeräte mit Zubehör",MD_Gegenstand="Lehrerdienstgeräte ohne Zubehör"),OR(tab_PRUEFUNG[[#This Row],[Maßnahme berück-sichtigungs-fähig]]="ja",tab_PRUEFUNG[[#This Row],[Maßnahme berück-sichtigungs-fähig]]="teilweise")),MD_Anzahl,"") | M3: =IF(tab_PRUEFUNG[[#This Row],[Maßnahme berück-sichtigungs-fähig]]="ja",tab_MD_1[[#This Row],[… darunter berück-sichtigungsfähig (einschl. Miet-, Leasing-, Lizenz-ausgaben innerhalb Zweckbindungsfrist)]],IF(tab_PRUEFUNG[[#This Row],[Maßnahme berück-sichtigungs-fähig]]="nein",0,IF(tab_PRUEFUNG[[#This Row],[Maßnahme berück-sichtigungs-fähig]]="teilweise",-1,""))) -> 0
A4: =ROW()-2 -> 2 | K4: =IF(AND(tab_MD_1[[#This Row],[… darunter berück-sichtigungsfähig (einschl. Miet-, Leasing-, Lizenz-ausgaben innerhalb Zweckbindungsfrist)]]>0,tab_MD_1[[#This Row],[Auftragsdatum (bei Nutzung von Rahmenverträgen: Tag des Abrufs)]]>DATE(2020,7,22)),"ja","nein") -> nein | L4: =IF(AND(OR(MD_Gegenstand="Lehrerdienstgeräte mit Zubehör",MD_Gegenstand="Lehrerdienstgeräte ohne Zubehör"),OR(tab_PRUEFUNG[[#This Row],[Maßnahme berück-sichtigungs-fähig]]="ja",tab_PRUEFUNG[[#This Row],[Maßnahme berück-sichtigungs-fähig]]="teilweise")),MD_Anzahl,"") | M4: =IF(tab_PRUEFUNG[[#This Row],[Maßnahme berück-sichtigungs-fähig]]="ja",tab_MD_1[[#This Row],[… darunter berück-sichtigungsfähig (einschl. Miet-, Leasing-, Lizenz-ausgaben innerhalb Zweckbindungsfrist)]],IF(tab_PRUEFUNG[[#This Row],[Maßnahme berück-sichtigungs-fähig]]="nein",0,IF(tab_PRUEFUNG[[#This Row],[Maßnahme berück-sichtigungs-fähig]]="teilweise",-1,""))) -> 0
A5: =ROW()-2 -> 3 | K5: =IF(AND(tab_MD_1[[#This Row],[… darunter berück-sichtigungsfähig (einschl. Miet-, Leasing-, Lizenz-ausgaben innerhalb Zweckbindungsfrist)]]>0,tab_MD_1[[#This Row],[Auftragsdatum (bei Nutzung von Rahmenverträgen: Tag des Abrufs)]]>DATE(2020,7,22)),"ja","nein") -> nein | L5: =IF(AND(OR(MD_Gegenstand="Lehrerdienstgeräte mit Zubehör",MD_Gegenstand="Lehrerdienstgeräte ohne Zubehör"),OR(tab_PRUEFUNG[[#This Row],[Maßnahme berück-sichtigungs-fähig]]="ja",tab_PRUEFUNG[[#This Row],[Maßnahme berück-sichtigungs-fähig]]="teilweise")),MD_Anzahl,"") | M5: =IF(tab_PRUEFUNG[[#This Row],[Maßnahme berück-sichtigungs-fähig]]="ja",tab_MD_1[[#This Row],[… darunter berück-sichtigungsfähig (einschl. Miet-, Leasing-, Lizenz-ausgaben innerhalb Zweckbindungsfrist)]],IF(tab_PRUEFUNG[[#This Row],[Maßnahme berück-sichtigungs-fähig]]="nein",0,IF(tab_PRUEFUNG[[#This Row],[Maßnahme berück-sichtigungs-fähig]]="teilweise",-1,""))) -> 0
A6: =ROW()-2 -> 4 | K6: =IF(AND(tab_MD_1[[#This Row],[… darunter berück-sichtigungsfähig (einschl. Miet-, Leasing-, Lizenz-ausgaben innerhalb Zweckbindungsfrist)]]>0,tab_MD_1[[#This Row],[Auftragsdatum (bei Nutzung von Rahmenverträgen: Tag des Abrufs)]]>DATE(2020,7,22)),"ja","nein") -> nein | L6: =IF(AND(OR(MD_Gegenstand="Lehrerdienstgeräte mit Zubehör",MD_Gegenstand="Lehrerdienstgeräte ohne Zubehör"),OR(tab_PRUEFUNG[[#This Row],[Maßnahme berück-sichtigungs-fähig]]="ja",tab_PRUEFUNG[[#This Row],[Maßnahme berück-sichtigungs-fähig]]="teilweise")),MD_Anzahl,"") | M6: =IF(tab_PRUEFUNG[[#This Row],[Maßnahme berück-sichtigungs-fähig]]="ja",tab_MD_1[[#This Row],[… darunter berück-sichtigungsfähig (einschl. Miet-, Leasing-, Lizenz-ausgaben innerhalb Zweckbindungsfrist)]],IF(tab_PRUEFUNG[[#This Row],[Maßnahme berück-sichtigungs-fähig]]="nein",0,IF(tab_PRUEFUNG[[#This Row],[Maßnahme berück-sichtigungs-fähig]]="teilweise",-1,""))) -> 0
A7: =ROW()-2 -> 5 | K7: =IF(AND(tab_MD_1[[#This Row],[… darunter berück-sichtigungsfähig (einschl. Miet-, Leasing-, Lizenz-ausgaben innerhalb Zweckbindungsfrist)]]>0,tab_MD_1[[#This Row],[Auftragsdatum (bei Nutzung von Rahmenverträgen: Tag des Abrufs)]]>DATE(2020,7,22)),"ja","nein") -> nein | L7: =IF(AND(OR(MD_Gegenstand="Lehrerdienstgeräte mit Zubehör",MD_Gegenstand="Lehrerdienstgeräte ohne Zubehör"),OR(tab_PRUEFUNG[[#This Row],[Maßnahme berück-sichtigungs-fähig]]="ja",tab_PRUEFUNG[[#This Row],[Maßnahme berück-sichtigungs-fähig]]="teilweise")),MD_Anzahl,"") | M7: =IF(tab_PRUEFUNG[[#This Row],[Maßnahme berück-sichtigungs-fähig]]="ja",tab_MD_1[[#This Row],[… darunter berück-sichtigungsfähig (einschl. Miet-, Leasing-, Lizenz-ausgaben innerhalb Zweckbindungsfrist)]],IF(tab_PRUEFUNG[[#This Row],[Maßnahme berück-sichtigungs-fähig]]="nein",0,IF(tab_PRUEFUNG[[#This Row],[Maßnahme berück-sichtigungs-fähig]]="teilweise",-1,""))) -> 0
A8: =ROW()-2 -> 6 | K8: =IF(AND(tab_MD_1[[#This Row],[… darunter berück-sichtigungsfähig (einschl. Miet-, Leasing-, Lizenz-ausgaben innerhalb Zweckbindungsfrist)]]>0,tab_MD_1[[#This Row],[Auftragsdatum (bei Nutzung von Rahmenverträgen: Tag des Abrufs)]]>DATE(2020,7,22)),"ja","nein") -> nein | L8: =IF(AND(OR(MD_Gegenstand="Lehrerdienstgeräte mit Zubehör",MD_Gegenstand="Lehrerdienstgeräte ohne Zubehör"),OR(tab_PRUEFUNG[[#This Row],[Maßnahme berück-sichtigungs-fähig]]="ja",tab_PRUEFUNG[[#This Row],[Maßnahme berück-sichtigungs-fähig]]="teilweise")),MD_Anzahl,"") | M8: =IF(tab_PRUEFUNG[[#This Row],[Maßnahme berück-sichtigungs-fähig]]="ja",tab_MD_1[[#This Row],[… darunter berück-sichtigungsfähig (einschl. Miet-, Leasing-, Lizenz-ausgaben innerhalb Zweckbindungsfrist)]],IF(tab_PRUEFUNG[[#This Row],[Maßnahme berück-sichtigungs-fähig]]="nein",0,IF(tab_PRUEFUNG[[#This Row],[Maßnahme berück-sichtigungs-fähig]]="teilweise",-1,""))) -> 0
A9: =ROW()-2 -> 7 | K9: =IF(AND(tab_MD_1[[#This Row],[… darunter berück-sichtigungsfähig (einschl. Miet-, Leasing-, Lizenz-ausgaben innerhalb Zweckbindungsfrist)]]>0,tab_MD_1[[#This Row],[Auftragsdatum (bei Nutzung von Rahmenverträgen: Tag des Abrufs)]]>DATE(2020,7,22)),"ja","nein") -> nein | L9: =IF(AND(OR(MD_Gegenstand="Lehrerdienstgeräte mit Zubehör",MD_Gegenstand="Lehrerdienstgeräte ohne Zubehör"),OR(tab_PRUEFUNG[[#This Row],[Maßnahme berück-sichtigungs-fähig]]="ja",tab_PRUEFUNG[[#This Row],[Maßnahme berück-sichtigungs-fähig]]="teilweise")),MD_Anzahl,"") | M9: =IF(tab_PRUEFUNG[[#This Row],[Maßnahme berück-sichtigungs-fähig]]="ja",tab_MD_1[[#This Row],[… darunter berück-sichtigungsfähig (einschl. Miet-, Leasing-, Lizenz-ausgaben innerhalb Zweckbindungsfrist)]],IF(tab_PRUEFUNG[[#This Row],[Maßnahme berück-sichtigungs-fähig]]="nein",0,IF(tab_PRUEFUNG[[#This Row],[Maßnahme berück-sichtigungs-fähig]]="teilweise",-1,""))) -> 0
A10: =ROW()-2 -> 8 | K10: =IF(AND(tab_MD_1[[#This Row],[… darunter berück-sichtigungsfähig (einschl. Miet-, Leasing-, Lizenz-ausgaben innerhalb Zweckbindungsfrist)]]>0,tab_MD_1[[#This Row],[Auftragsdatum (bei Nutzung von Rahmenverträgen: Tag des Abrufs)]]>DATE(2020,7,22)),"ja","nein") -> nein | L10: =IF(AND(OR(MD_Gegenstand="Lehrerdienstgeräte mit Zubehör",MD_Gegenstand="Lehrerdienstgeräte ohne Zubehör"),OR(tab_PRUEFUNG[[#This Row],[Maßnahme berück-sichtigungs-fähig]]="ja",tab_PRUEFUNG[[#This Row],[Maßnahme berück-sichtigungs-fähig]]="teilweise")),MD_Anzahl,"") | M10: =IF(tab_PRUEFUNG[[#This Row],[Maßnahme berück-sichtigungs-fähig]]="ja",tab_MD_1[[#This Row],[… darunter berück-sichtigungsfähig (einschl. Miet-, Leasing-, Lizenz-ausgaben innerhalb Zweckbindungsfrist)]],IF(tab_PRUEFUNG[[#This Row],[Maßnahme berück-sichtigungs-fähig]]="nein",0,IF(tab_PRUEFUNG[[#This Row],[Maßnahme berück-sichtigungs-fähig]]="teilweise",-1,""))) -> 0
A11: =ROW()-2 -> 9 | K11: =IF(AND(tab_MD_1[[#This Row],[… darunter berück-sichtigungsfähig (einschl. Miet-, Leasing-, Lizenz-ausgaben innerhalb Zweckbindungsfrist)]]>0,tab_MD_1[[#This Row],[Auftragsdatum (bei Nutzung von Rahmenverträgen: Tag des Abrufs)]]>DATE(2020,7,22)),"ja","nein") -> nein | L11: =IF(AND(OR(MD_Gegenstand="Lehrerdienstgeräte mit Zubehör",MD_Gegenstand="Lehrerdienstgeräte ohne Zubehör"),OR(tab_PRUEFUNG[[#This Row],[Maßnahme berück-sichtigungs-fähig]]="ja",tab_PRUEFUNG[[#This Row],[Maßnahme berück-sichtigungs-fähig]]="teilweise")),MD_Anzahl,"") | M11: =IF(tab_PRUEFUNG[[#This Row],[Maßnahme berück-sichtigungs-fähig]]="ja",tab_MD_1[[#This Row],[… darunter berück-sichtigungsfähig (einschl. Miet-, Leasing-, Lizenz-ausgaben innerhalb Zweckbindungsfrist)]],IF(tab_PRUEFUNG[[#This Row],[Maßnahme berück-sichtigungs-fähig]]="nein",0,IF(tab_PRUEFUNG[[#This Row],[Maßnahme berück-sichtigungs-fähig]]="teilweise",-1,""))) -> 0
A12: =ROW()-2 -> 10 | K12: =IF(AND(tab_MD_1[[#This Row],[… darunter berück-sichtigungsfähig (einschl. Miet-, Leasing-, Lizenz-ausgaben innerhalb Zweckbindungsfrist)]]>0,tab_MD_1[[#This Row],[Auftragsdatum (bei Nutzung von Rahmenverträgen: Tag des Abrufs)]]>DATE(2020,7,22)),"ja","nein") -> nein | L12: =IF(AND(OR(MD_Gegenstand="Lehrerdienstgeräte mit Zubehör",MD_Gegenstand="Lehrerdienstgeräte ohne Zubehör"),OR(tab_PRUEFUNG[[#This Row],[Maßnahme berück-sichtigungs-fähig]]="ja",tab_PRUEFUNG[[#This Row],[Maßnahme berück-sichtigungs-fähig]]="teilweise")),MD_Anzahl,"") | M12: =IF(tab_PRUEFUNG[[#This Row],[Maßnahme berück-sichtigungs-fähig]]="ja",tab_MD_1[[#This Row],[… darunter berück-sichtigungsfähig (einschl. Miet-, Leasing-, Lizenz-ausgaben innerhalb Zweckbindungsfrist)]],IF(tab_PRUEFUNG[[#This Row],[Maßnahme berück-sichtigungs-fähig]]="nein",0,IF(tab_PRUEFUNG[[#This Row],[Maßnahme berück-sichtigungs-fähig]]="teilweise",-1,""))) -> 0
A13: =ROW()-2 -> 11 | K13: =IF(AND(tab_MD_1[[#This Row],[… darunter berück-sichtigungsfähig (einschl. Miet-, Leasing-, Lizenz-ausgaben innerhalb Zweckbindungsfrist)]]>0,tab_MD_1[[#This Row],[Auftragsdatum (bei Nutzung von Rahmenverträgen: Tag des Abrufs)]]>DATE(2020,7,22)),"ja","nein") -> nein | L13: =IF(AND(OR(MD_Gegenstand="Lehrerdienstgeräte mit Zubehör",MD_Gegenstand="Lehrerdienstgeräte ohne Zubehör"),OR(tab_PRUEFUNG[[#This Row],[Maßnahme berück-sichtigungs-fähig]]="ja",tab_PRUEFUNG[[#This Row],[Maßnahme berück-sichtigungs-fähig]]="teilweise")),MD_Anzahl,"") | M13: =IF(tab_PRUEFUNG[[#This Row],[Maßnahme berück-sichtigungs-fähig]]="ja",tab_MD_1[[#This Row],[… darunter berück-sichtigungsfähig (einschl. Miet-, Leasing-, Lizenz-ausgaben innerhalb Zweckbindungsfrist)]],IF(tab_PRUEFUNG[[#This Row],[Maßnahme berück-sichtigungs-fähig]]="nein",0,IF(tab_PRUEFUNG[[#This Row],[Maßnahme berück-sichtigungs-fähig]]="teilweise",-1,""))) -> 0
A14: =ROW()-2 -> 12 | K14: =IF(AND(tab_MD_1[[#This Row],[… darunter berück-sichtigungsfähig (einschl. Miet-, Leasing-, Lizenz-ausgaben innerhalb Zweckbindungsfrist)]]>0,tab_MD_1[[#This Row],[Auftragsdatum (bei Nutzung von Rahmenverträgen: Tag des Abrufs)]]>DATE(2020,7,22)),"ja","nein") -> nein | L14: =IF(AND(OR(MD_Gegenstand="Lehrerdienstgeräte mit Zubehör",MD_Gegenstand="Lehrerdienstgeräte ohne Zubehör"),OR(tab_PRUEFUNG[[#This Row],[Maßnahme berück-sichtigungs-fähig]]="ja",tab_PRUEFUNG[[#This Row],[Maßnahme berück-sichtigungs-fähig]]="teilweise")),MD_Anzahl,"") | M14: =IF(tab_PRUEFUNG[[#This Row],[Maßnahme berück-sichtigungs-fähig]]="ja",tab_MD_1[[#This Row],[… darunter berück-sichtigungsfähig (einschl. Miet-, Leasing-, Lizenz-ausgaben innerhalb Zweckbindungsfrist)]],IF(tab_PRUEFUNG[[#This Row],[Maßnahme berück-sichtigungs-fähig]]="nein",0,IF(tab_PRUEFUNG[[#This Row],[Maßnahme berück-sichtigungs-fähig]]="teilweise",-1,""))) -> 0
... A502: =ROW()-2 -> 500 | K502: =IF(AND(tab_MD_1[[#This Row],[… darunter berück-sichtigungsfähig (einschl. Miet-, Leasing-, Lizenz-ausgaben innerhalb Zweckbindungsfrist)]]>0,tab_MD_1[[#This Row],[Auftragsdatum (bei Nutzung von Rahmenverträgen: Tag des Abrufs)]]>DATE(2020,7,22)),"ja","nein") -> nein | L502: =IF(AND(OR(MD_Gegenstand="Lehrerdienstgeräte mit Zubehör",MD_Gegenstand="Lehrerdienstgeräte ohne Zubehör"),OR(tab_PRUEFUNG[[#This Row],[Maßnahme berück-sichtigungs-fähig]]="ja",tab_PRUEFUNG[[#This Row],[Maßnahme berück-sichtigungs-fähig]]="teilweise")),MD_Anzahl,"") | M502: =IF(tab_PRUEFUNG[[#This Row],[Maßnahme berück-sichtigungs-fähig]]="ja",tab_MD_1[[#This Row],[… darunter berück-sichtigungsfähig (einschl. Miet-, Leasing-, Lizenz-ausgaben innerhalb Zweckbindungsfrist)]],IF(tab_PRUEFUNG[[#This Row],[Maßnahme berück-sichtigungs-fähig]]="nein",0,IF(tab_PRUEFUNG[[#This Row],[Maßnahme berück-sichtigungs-fähig]]="teilweise",-1,""))) -> 0
G503: =SUM(tab_MD_1[Auftragswert Berücksichtigungs- fähige Gesamtkosten gem. Auftrag/Vertrag]) -> 0 | I503: =SUM(tab_MD_1[Gesamtkosten gemäß Rechnung]) -> 0 | J503: =SUM(tab_MD_1[… darunter berück-sichtigungsfähig (einschl. Miet-, Leasing-, Lizenz-ausgaben innerhalb Zweckbindungsfrist)]) -> 0 | M503: =SUM(tab_PRUEFUNG[berücksichtigungs-fähige Ausgaben ]) -> 0
A504: Bei Bedarf (mehr als 10 Einzelmaßnahmen) können weitere Zeilen eingeblendet werden! Bitte dazu am linken Rand 12//503 markieren und nach Rechtsklick "Einblenden" wählen.

Sheet Verwendungsnachweis
A1: Verwendungsnachweis für eine staatliche Leistung im Sonderbudget Lehrerdienstgeräte
A4: Elektronische Projektmappe (.xlsx) ausschließlich per E-Mail: | E4: Zutreffendes bitte ankreuzen T oder ausfüllen
A6: =IF(MID(E9,2,1)="x","An die zuständige Stelle im Staatsministerium",CONCATENATE("An die Regierung ",IF(LEFT(E9)="3","der ","von "),IF(LEFT(E9)="1","Oberbayern",IF(LEFT(E9)="2","Niedebayern",IF(LEFT(E9)="3","Oberpfalz",IF(LEFT(E9)="4","Oberfranken",IF(LEFT(E9)="5","Mittelfranken",IF(LEFT(E9)="6","Unterfranken",IF(LEFT(E9)="7","Schwaben","XX"))))))))) -> An die Regierung von XX | F6: , den
A7: =IF(MID(E9,2,1)="x","lehrerdienstgeraete@stmuk.bayern.de",CONCATENATE("lehrerdienstgeraete@reg-",IF(LEFT(E9)="1","ob",IF(LEFT(E9)="2","nb",IF(LEFT(E9)="3","opf",IF(LEFT(E9)="4","ofr",IF(LEFT(E9)="5","mfr",IF(LEFT(E9)="6","ufr",IF(LEFT(E9)="7","schw","XX"))))))),".bayern.de")) -> lehrerdienstgeraete@reg-XX.bayern.de | E7: Ort | G7: Datum
E8: Kennziffer des Trägers
E9: =IF('Antrag SoLD'!F9<>"",'Antrag SoLD'!F9,"")
B10: (Bewilligungsbehörde)
A12: Anlage (als Bestandteil der elektronischen Projektmappe):
A13: 1. | B13: Vollständig ausgefülltes Tabellenblatt "Maßnahmendurchführung"
A15: 1. | B15: Leistungsempfänger
B16: Der Leistungsempfänger ist ein/eine: | F16: =IF('Antrag SoLD'!F13="","",'Antrag SoLD'!F13)
B17: Name laut Anlage zur SoLD
B18: =IFERROR(INDEX(tab_SATLISTE[Schulaufwandsträger],MATCH($E$9,tab_SATLISTE[SAT-ID],0)),"")
B19: Straße, Hausnummer | E19: PLZ | F19: Ort
B20: =IF('Antrag SoLD'!B17<>"",'Antrag SoLD'!B17,"") | E20: =IF('Antrag SoLD'!F17<>"",'Antrag SoLD'!F17,"") | F20: =IF('Antrag SoLD'!G17<>"",'Antrag SoLD'!G17,"")
B21: Bankverbindung (IBAN, Geldinstitut)
B22: =IF('Antrag SoLD'!B19<>"",'Antrag SoLD'!B19,"")
B23: Auskunft erteilt (ggf. Vertretungsberechtigte/r)
B24: =IF('Antrag SoLD'!B21<>"",'Antrag SoLD'!B21,"")
B25: Telefon | D25: E-Mail-Adresse | F25: Gemeindekennziffer
B26: =IF('Antrag SoLD'!B23<>"",'Antrag SoLD'!B23,"") | D26: =IF('Antrag SoLD'!D23<>"",'Antrag SoLD'!D23,"") | F26: =IF('Antrag SoLD'!G23<>"",'Antrag SoLD'!G23,"")
A28: 2. | B28: Maßnahme
B29: =CONCATENATE("Beschaffung von ", IF((STATISTIK!A91+STATISTIK!A92)>0,STATISTIK!A91+STATISTIK!A92,"MASSNAHMENDURCHFÜHRUNG AUSFÜLLEN"), " schulgebundenen mobilen Endgeräten einschließlich erforderlichem Zubehör, die Lehrkräften sowie dem weiteren pädagogischen Personal ","als personenbezogene digitale Dienstgeräte dauerhaft oder für einen längeren Zeitraum zur dienstlichen Verwendung innerhalb und außerhalb der Schule zugeordnet werden.") -> Beschaffung von MASSNAHMENDURCHFÜHRUNG AUSFÜLLEN schulgebundenen mobilen Endgeräten einschließlich erforderlichem Zubehör, die Lehrkräften sowie dem weiteren pädagogischen Personal als personenbezogene digitale Dienstgeräte dauerhaft oder für einen längeren Zeitraum zur dienstlichen Verwendung innerhalb und außerhalb der Schule zugeordnet werden.
A31: 3. | B31: Bewilligte staatliche Leistungen
B32: 3.1 Bewilligte staatliche Leistung im Sonderbudget Lehrerdienstgeräte
B33: Bewilligende Stelle | C33: Bewilligungsdatum | D33: Aktenzeichen | E33: Zuwendungsbereich | G33: bewilligte Leistung
B34: =IF(MID(E9,2,1)="x","Staatsministerium",CONCATENATE("Regierung ",IF(LEFT(E9)="3","der ","von "),IF(LEFT(E9)="1","Oberbayern",IF(LEFT(E9)="2","Niedebayern",IF(LEFT(E9)="3","Oberpfalz",IF(LEFT(E9)="4","Oberfranken",IF(LEFT(E9)="5","Mittelfranken",IF(LEFT(E9)="6","Unterfranken",IF(LEFT(E9)="7","Schwaben","XX"))))))))) -> Regierung von XX | E34: Bewilligte Leistung gemäß SoLD
B35: 3.2 Sonstige Zuwendungen (z.B. Schuldendiensthilfen)
A39: 4. | B39: Sachlicher Bericht
B40: Zur Beschreibung der durchgeführten Maßnahme siehe Tabellenblatt "Maßnahmendurchführung".
A42: 5. | B42: Zahlenmäßiger Nachweis
B43: 5.1 Einnahmen
B44: Art | F44: nach Abrechnung | G44: (insbes. v.H-Satz der staatl. Leistung)
B45: 5.1.1 Staatliche Leistung
B46: Sonderbudget Lehrerdienstgeräte | F46: =G57 -> 0 | G46: =IFERROR(F46/G34,"Nr. 3 ausfüllen") -> Nr. 3 ausfüllen
G47: =IF(F47="","",IFERROR(F47/G$34,"Nr. 3 ausfüllen"))
G48: =IF(F48="","",IFERROR(F48/G$34,"Nr. 3 ausfüllen"))
B49: 5.1.2 Kostenanteile Dritter / Rechtsgrund
G50: =IF(F50="","",IFERROR(F50/G$34,"Nr. 3 ausfüllen"))
G51: =IF(F51="","",IFERROR(F51/G$34,"Nr. 3 ausfüllen"))
B52: 5.1.3 Eigene Mittel (einschließlich Spenden) | F52: =F57-SUM(F50:F51)-SUM(F46:F48) -> 0 | G52: =IFERROR(F52/G$34,"Nr. 3 ausfüllen") -> Nr. 3 ausfüllen
B53: Zusammen | F53: =SUM(F52,F50:F51,F46:F48) -> 0 | G53: =SUM(G46:G48,G50:G52) -> 0
B54: 5.2 Ausgaben
B55: Ausgabengliederung nach den Hauptabteilungen des Kostenanschlags | E55: Lehrerdienstgeräte lt. Abrechnung insgesamt | F55: Investive Ausgaben lt. Abrechnung
F56: insgesamt | G56: davon berück- sichtigungsfähig
B57: Sonderbudget Lehrerdienstgeräte | E57: =STATISTIK!A91+STATISTIK!A92 -> 0 | F57: =SUM(MD_Ausgaben_ges) -> 0 | G57: =SUM(PR_Ausgaben) -> 0
B58: Davon ab: | C58: Kostenanteile Dritter | F58: =SUM(F50:F51) -> 0
C59: Rückforderungen und Rückzahlungen
B60: Grundsätzlich berücksichtigungsfähige Kosten | F60: =G57-F58-F59 -> 0
A62: 6. | B62: Erklärungen des Leistungsempfängers
B63: Der Leistungsempfänger erklärt mit Vorlage dieses Verwendungsnachweises:
A64: a) | B64: Die Einnahmen und Ausgaben sind im Zusammenhang mit dem beschriebenen Projekt angefallen und die staatliche Leistung wurde ausschließlich zur Erfüllung des im Bewilligungsbescheid benannten Zwecks verwendet.
A65: b) | B65: Die nicht berücksichtigungsfähigen Beträge, Rückforderungen und Rückzahlungen wurden abgesetzt.
A66: c) | B66: Die getätigten Ausgaben waren zur Erfüllung des im Bewilligungsbescheid benannten Zwecks notwendig und es wurde bei der Umsetzung der Maßnahmen wirtschaftlich und sparsam verfahren.
A67: d) | B67: Die erste der Maßnahme zuzurechnende vertragliche Verpflichtung wurde frühestens am 23.07.2020 eingegangen.
A68: e) | B68: Die Inventarisierung der mit der staatlichen Leistung beschafften Gegenstände wurde vorgenommen.
A69: f) | B69: Die Übereinstimmung der Angaben im Verwendungsnachweis mit den Büchern und Belegen wird bestätigt.
A70: g) | B70: Die im Bewilligungsbescheid genannten Bedingungen und Auflagen einschließlich der dort enthaltenen allgemeinen und besonderen Nebenbestimmungen wurden eingehalten.
A71: h) | B71: Alle Angaben sind vollständig und wahrheitsgemäß erfolgt.
A73: 7. | B73: Bestätigung
B74: Dem Unterzeichner ist bekannt, dass die staatliche Leistung im Falle ihrer zweckwidrigen Verwendung der Rückforderung und Verzinsung unterliegt.
E79: Bitte hier zeichnen
A81: Ort, Datum | E81: Gezeichnet (Zeichnungsberechtigte(r))

Sheet STATISTIK
A1: Wird automatisch ausgefüllt (nicht veränderbar)
A6: RICHTLINIE Sonderbudget Lehrerdienstgeräte | B6: Gerätezahl | C6: =IFERROR(VLOOKUP('Antrag SoLD'!$F$9,tab_SATLISTE[],3,FALSE),"")
B7: Sonderbudget Lehrerdienstgeräte | C7: =IFERROR(VLOOKUP('Antrag SoLD'!$F$9,tab_SATLISTE[],4,FALSE),"")
B8: … darunter Verwaltungskostenpauschale | C8: =IFERROR(VLOOKUP('Antrag SoLD'!$F$9,tab_SATLISTE[],5,FALSE),"")
B9: Antragsgrenze | C9: =IFERROR(VLOOKUP('Antrag SoLD'!$F$9,tab_SATLISTE[],6,FALSE),"")
A10: ANTRAG | B10: Beantragte Geräte (Erstbewilligung) | C10: ='Antrag SoLD'!H42 -> 0
B11: Beantragte staatliche Leistung (Erstbewilligung) | C11: ='Antrag SoLD'!H40 -> 0
B12: Beantragte Geräte (Nachbewilligungsrunden) | C12: =IF('Antrag SoLD'!H46>0,'Antrag SoLD'!H46,"Keine Teilnahme") -> Keine Teilnahme
B13: Beantragte staatliche Leistung (Nachbewilligungsrunden) | C13: ='Antrag SoLD'!H44 -> 0
B14: Elektronische Übermittlung? | C14: TRUE
A15: ERST- BEWILLIGUNG | B15: Bewilligte Geräte | C15: =C10 -> 0 | D15: (ggf. überschreiben)
B16: Bewilligte Zuwendung | C16: =C11 -> 0 | D16: (ggf. überschreiben)
B17: Auszahlung mit Erstbewilligung | C17: =IFERROR(IF(AND(C126=TRUE,C127=TRUE),C16,0),"") -> 0
A18: ERSTE NACH- BEWILLIGUNG | B18: Zusätzlich bewilligte Geräte
B19: Zusätzlich bewilligte staatliche Leistung | C19: =IF(C18>0,C18*1000,0) -> 0
B20: Auszahlung mit Nachbewilligung | C20: =IF(C19>0,IF(AND(C126=TRUE,C127=TRUE),C19,0),0) -> 0
A21: ZWEITE NACH- BEWILLIGUNG | B21: Zusätzlich bewilligte Geräte
B22: Zusätzlich bewilligte staatliche Leistung | C22: =IF(C21>0,C21*1000,0) -> 0
B23: Auszahlung mit Nachbewilligung | C23: =IF(C22>0,IF(AND(C126=TRUE,C127=TRUE),C22,0),0) -> 0
A24: GESAMT-BEWILLIGUNG | B24: Insgesamt bewilligte Geräte | C24: =SUM(C15,C18,C21) -> 0
B25: Insgesamt bewilligte staatliche Leistung | C25: =SUM(C16,C19,C22) -> 0
B26: Auszahlung gesamt bisher | C26: =SUM(C17,C20,C23) -> 0 | D26: Abrechnungsdatum
A27: ABRECHNUNG | B27: =CONCATENATE("Zwischen 23.07.2020 und ",DAY(Abrechnungsdatum),".",MONTH(Abrechnungsdatum),".",YEAR(Abrechnungsdatum)," beauftragte Lehrerdienstgeräte …") -> Zwischen 23.07.2020 und 31.12.2021 beauftragte Lehrerdienstgeräte … | C27: =SUMIFS(MD_Anzahl,MD_Gegenstand,$B$91,MD_Auftragsdatum,">22.07.2020",MD_Auftragsdatum,"<="&Abrechnungsdatum)+SUMIFS(MD_Anzahl,MD_Gegenstand,$B$92,MD_Auftragsdatum,">22.07.2020",MD_Auftragsdatum,"<="&Abrechnungsdatum) -> 0 | D27: 44561
B28: … lt. Verträgen ingesamt entstehende berücksichtigungsfähige Kosten | C28: =SUMIFS(MD_Auftragswert,MD_Auftragsdatum,">22.07.2020",MD_Auftragsdatum,"<="&Abrechnungsdatum) -> 0
A29: MASSNAHMEN-DURCHFÜHRUNG | B29: Insgesamt bei Maßnahmendurchführung entstandene Kosten | C29: =SUM(MD_Ausgaben_ges) -> 0
B30: … davon laut Antragsteller grundsätzlich berücksichtigungsfähig | C30: =SUM(MD_Ausgaben_zuw) -> 0
A31: VERWENDUNGS-NACHWEIS-PRÜFUNG | B31: Berücksichtigungsfähige Geräteeinheiten nach Prüfung | C31: =SUM(A100,A101) -> 0 | D31: Prüfung bestätigt?
B32: … damit maximal auszahlbare staatliche Leistung | C32: =MIN(C31,C24)*1000 -> 0 | D32: =IF(Maßnahmendurchführung!N1="durchgeführt","ja","nein") -> nein
B33: … darunter maximal auszahlbare Verwaltungskostenpauschale | C33: =IFERROR(IF(D34="x",0,C32/4),"") -> 0 | D33: Trägerart
B34: Nach Prüfung berücksichtigungsfähige investive Kosten | C34: =IF($D$32="ja",SUM(PR_Ausgaben),0) -> 0 | D34: =MID('Antrag SoLD'!F9,2,1)
B35: Tatsächlich auszahlbare staatliche Leistung insgesamt | C35: =MIN(C32,C25,SUM(C34,C37)) -> 0
B36: … dadurch auszahlbarer investiver Anteil | C36: =C35-C37 -> 0 | D36: =IFERROR(C36/C35,"")
B37: … dadurch auszahlbare Verwaltungskostenpauschale | C37: =MIN(C33,MAX(0,C32-C34)) -> 0 | D37: =IFERROR(C37/C35,"")
B38: … damit berücksichtigungsfähige Eigenmittel des Schulaufwandsträgers | C38: =IFERROR(MAX(0,C34-SUM(C26,C39)),"FEHLER") -> 0
B39: Schlussrate / Rückzahlung | C39: =MIN(C35,C25)-C26 -> 0
A43: RBZ | B43: Regierungsbezirk
A44: 1 | B44: Oberbayern
A45: 2 | B45: Niederbayern
A46: 3 | B46: Oberpfalz
A47: 4 | B47: Oberfranken
A48: 5 | B48: Mittelfranken
A49: 6 | B49: Unterfranken
A50: 7 | B50: Schwaben
A51: Träger | B51: kommunal/privat
A52: k | B52: kommunal
A53: p | B53: privat
A55: Nr. 2 f) cc) dBIR | B55: Schulart gemäß BayEUG Art. 6 (2)
B56: allgemeinbildend
B57: beruflich
B58: Schulen für Kranke
A59: Anmerkung: | B59: Allgemeinbildende Schulen nach Art. 6 (2) BayEUG Ziffern 1 und 3 sind: GS, MS, RS, GY, Schulen des zweiten Bildungswegs (Abend-RS, Abend-GY, Kolleg) sowie die entsprechenden Schulen zur sonderpädagogischen Förderung. Berufliche Schulen nach Art. 6 (2) BayEUG Ziffern 2 und 3 sind: BS, BFS, BFG, WS, FS, FOS, BOS, FAK sowie die entsprechenden Schulen zur sonderpädagogischen Förderung. Weder zu den allgemeinbildenden noch zu den beruflichen Schulen gehören gemäß Art. 6 (2) Ziffer 4 die Schulen für Kranke.
A60: Nr. 4 Satz 4 dBIR | B60: Status vorangegangener Anträge (bereits bewilligte bzw. abgeschlossene Maßnahmen)
B61: bewilligt
B62: abgeschlossen
A63: Nr. 2 dBIR | B63: Maßnahme dem Grunde nach zuwendungsfähig?
B64: ja
B65: nein
B66: teilweise
A67: Nr. 4 Satz 4 dBIR | B67: selbstständiger Abschnitt einer vor dem 17.05.2019 begonnenen Maßnahme (gemäß dBIR Nr. 4 Satz 4)
B68: nein
B69: ja
A70: Nr. 5.3 b) dBIR | B70: Kauf oder Miete / Leasing?
B71: Kauf
B72: Miete / Leasing
A73: Nr. 7.1 f) dBIR | B73: Versicherung des Antragstellers, dass für die Schule, an der die aufgeführte Maßnahme durchgeführt werden soll, die Ist-Ausstattung im Rahmen der zum Zeitpunkt der Antragstellung aktuellen IT-Umfrage der ALP Dillingen gemeldet wurde.
B74: nein
B75: ja
A76: Nr. 7.1 g) dBIR | B76: Versicherung des Antragstellers, dass für die Schule, an der die aufgeführte Maßnahme durchgeführt werden soll, das Medienkonzept erarbeitet und dem Staatsministerium in der zum Zeitpunkt des Antrags aktuellen Version übermittelt wurde
B77: nein
B78: ja
B80: Auswahl der Zuwendungsempfänger-Art
B81: Stadt
B82: Markt
B83: Gemeinde
B84: Verwaltungsgemeinschaft
B85: Landkreis
B86: Bezirk
B87: Zweck- oder Schulverband
B88: freier Schulträger
A90: Anzahl laut MD | B90: Gegenstand (bei Zubehör: für X Geräte) | C90: zuw. Kosten laut MD | D90: Auftragsvolumina
A91: =SUMIFS(MD_Anzahl,MD_Gegenstand,$B91,MD_Auftragsdatum,">22.07.2020") -> 0 | B91: Lehrerdienstgeräte ohne Zubehör | C91: =SUMIFS(MD_Ausgaben_zuw,MD_Gegenstand,$B91,MD_Auftragsdatum,">22.07.2020") -> 0 | D91: =SUMIFS(MD_Auftragswert,MD_Gegenstand,B91,MD_Auftragsdatum,">22.07.2020") -> 0
A92: =SUMIFS(MD_Anzahl,MD_Gegenstand,$B92,MD_Auftragsdatum,">22.07.2020") -> 0 | B92: Lehrerdienstgeräte mit Zubehör | C92: =SUMIFS(MD_Ausgaben_zuw,MD_Gegenstand,$B92,MD_Auftragsdatum,">22.07.2020") -> 0 | D92: =SUMIFS(MD_Auftragswert,MD_Gegenstand,B92,MD_Auftragsdatum,">22.07.2020") -> 0
A93: =COUNTIFS(MD_Gegenstand,$B93,MD_Auftragsdatum,">22.07.2020") -> 0 | B93: Zubehör: Eingabegeräte, Schutzhüllen, Adapter, … | C93: =SUMIFS(MD_Ausgaben_zuw,MD_Gegenstand,$B93,MD_Auftragsdatum,">22.07.2020") -> 0 | D93: =SUMIFS(MD_Auftragswert,MD_Gegenstand,B93,MD_Auftragsdatum,">22.07.2020") -> 0
A94: =SUMIFS(MD_Anzahl,MD_Gegenstand,$B94,MD_Auftragsdatum,">22.07.2020") -> 0 | B94: Zubehör: Mobile Endgeräte für Mobile Device Management | C94: =SUMIFS(MD_Ausgaben_zuw,MD_Gegenstand,$B94,MD_Auftragsdatum,">22.07.2020") -> 0 | D94: =SUMIFS(MD_Auftragswert,MD_Gegenstand,B94,MD_Auftragsdatum,">22.07.2020") -> 0
A95: =COUNTIFS(MD_Gegenstand,$B95,MD_Auftragsdatum,">22.07.2020") -> 0 | B95: Garantieverlängerungen/Versicherungen | C95: =SUMIFS(MD_Ausgaben_zuw,MD_Gegenstand,$B95,MD_Auftragsdatum,">22.07.2020") -> 0 | D95: =SUMIFS(MD_Auftragswert,MD_Gegenstand,B95,MD_Auftragsdatum,">22.07.2020") -> 0
A96: =COUNTIFS(MD_Gegenstand,$B96,MD_Auftragsdatum,">22.07.2020") -> 0 | B96: Software gemäß SoLD Nr. 3.1 Buchst. d | C96: =SUMIFS(MD_Ausgaben_zuw,MD_Gegenstand,$B96,MD_Auftragsdatum,">22.07.2020") -> 0 | D96: =SUMIFS(MD_Auftragswert,MD_Gegenstand,B96,MD_Auftragsdatum,">22.07.2020") -> 0
A97: =COUNTIFS(MD_Gegenstand,$B97,MD_Auftragsdatum,">22.07.2020") -> 0 | B97: Externe Dienst-/Beratungsleistungen | C97: =SUMIFS(MD_Ausgaben_zuw,MD_Gegenstand,$B97,MD_Auftragsdatum,">22.07.2020") -> 0 | D97: =SUMIFS(MD_Auftragswert,MD_Gegenstand,B97,MD_Auftragsdatum,">22.07.2020") -> 0
A99: Anzahl nach Prüfung | B99: Gegenstand (bei Zubehör: für X Geräte) | C99: zuw. Kosten nach Prüfung
A100: =IF($D$32="ja",SUMIFS(PR_Anzahl,MD_Gegenstand,B100,tab_PRUEFUNG[Maßnahme berück-sichtigungs-fähig],"<>nein"),"") | B100: Lehrerdienstgeräte ohne Zubehör | C100: =IF($D$32="ja",SUMIFS(PR_Ausgaben,MD_Gegenstand,B100,PR_Entscheidung,"<>nein"),"")
A101: =IF($D$32="ja",SUMIFS(PR_Anzahl,MD_Gegenstand,B101,tab_PRUEFUNG[Maßnahme berück-sichtigungs-fähig],"<>nein"),"") | B101: Lehrerdienstgeräte mit Zubehör | C101: =IF($D$32="ja",SUMIFS(PR_Ausgaben,MD_Gegenstand,B101,PR_Entscheidung,"<>nein"),"")
A102: =IF($D$32="ja",COUNTIFS(MD_Gegenstand,B102,tab_PRUEFUNG[Maßnahme berück-sichtigungs-fähig],"<>nein"),"") | B102: Zubehör: Eingabegeräte, Schutzhüllen, Adapter, … | C102: =IF($D$32="ja",SUMIFS(PR_Ausgaben,MD_Gegenstand,B102,PR_Entscheidung,"<>nein"),"")
A103: =IF($D$32="ja",COUNTIFS(MD_Gegenstand,B103,tab_PRUEFUNG[Maßnahme berück-sichtigungs-fähig],"<>nein"),"") | B103: Zubehör: Mobile Endgeräte für Mobile Device Management | C103: =IF($D$32="ja",SUMIFS(PR_Ausgaben,MD_Gegenstand,B103,PR_Entscheidung,"<>nein"),"")
A104: =IF($D$32="ja",COUNTIFS(MD_Gegenstand,B104,tab_PRUEFUNG[Maßnahme berück-sichtigungs-fähig],"<>nein"),"") | B104: Garantieverlängerungen/Versicherungen | C104: =IF($D$32="ja",SUMIFS(PR_Ausgaben,MD_Gegenstand,B104,PR_Entscheidung,"<>nein"),"")
A105: =IF($D$32="ja",COUNTIFS(MD_Gegenstand,B105,tab_PRUEFUNG[Maßnahme berück-sichtigungs-fähig],"<>nein"),"") | B105: Software gemäß SoLD Nr. 3.1 Buchst. d | C105: =IF($D$32="ja",SUMIFS(PR_Ausgaben,MD_Gegenstand,B105,PR_Entscheidung,"<>nein"),"")
A106: =IF($D$32="ja",COUNTIFS(MD_Gegenstand,B106,tab_PRUEFUNG[Maßnahme berück-sichtigungs-fähig],"<>nein"),"") | B106: Externe Dienst-/Beratungsleistungen | C106: =IF($D$32="ja",SUMIFS(PR_Ausgaben,MD_Gegenstand,B106,PR_Entscheidung,"<>nein"),"")
C111: SoLD
A112: Bestätigungen | C112: Wert
A113: Antragsformular | B113: Nr. 6 | C113: FALSE
A114: Antragsformular | B114: Nr. 7 | C114: FALSE
A115: Antragsformular | B115: Nr. 10_1 | C115: FALSE
...

Sheet SCHULEN
A1: Schuldaten
A3: SCHULLISTE des ANTRAGSTELLERS (bitte eintragen, wo nötig: Infrastruktur für mob. Endgeräte vorhanden oder beantragt?)
A5: lfd. Nr. | B5: Schul-nummer | C5: Schule
A6: 0 | B6: 0000 | C6: Schulübergreifend
A7: 1 | B7: =IFERROR(INDEX(tab_SCHULLISTE[SNR],_xlfn.AGGREGATE(15,6,ROW(tab_SCHULLISTE[SNR])/(FIND('Antrag SoLD'!$F$9,tab_SCHULLISTE[TKZ],1)>0),ROW()-6)-1,1),"") -> 0001 | C7: =IF(tab_SCHULEN_SAT[[#This Row],[Schul-nummer]]="","",VLOOKUP(tab_SCHULEN_SAT[[#This Row],[Schul-nummer]],tab_SCHULLISTE[],3,FALSE)) -> 0001 - Leibniz-Gymnasium Altdorf
A8: =A7+1 -> 2 | B8: =IFERROR(INDEX(tab_SCHULLISTE[SNR],_xlfn.AGGREGATE(15,6,ROW(tab_SCHULLISTE[SNR])/(FIND('Antrag SoLD'!$F$9,tab_SCHULLISTE[TKZ],1)>0),ROW()-6)-1,1),"") -> 0002 | C8: =IF(tab_SCHULEN_SAT[[#This Row],[Schul-nummer]]="","",VLOOKUP(tab_SCHULEN_SAT[[#This Row],[Schul-nummer]],tab_SCHULLISTE[],3,FALSE)) -> 0002 - Maria-Ward-Gymnasium Altötting der Maria-Ward-Schulstiftung Passau
A9: =A8+1 -> 3 | B9: =IFERROR(INDEX(tab_SCHULLISTE[SNR],_xlfn.AGGREGATE(15,6,ROW(tab_SCHULLISTE[SNR])/(FIND('Antrag SoLD'!$F$9,tab_SCHULLISTE[TKZ],1)>0),ROW()-6)-1,1),"") -> 0003 | C9: =IF(tab_SCHULEN_SAT[[#This Row],[Schul-nummer]]="","",VLOOKUP(tab_SCHULEN_SAT[[#This Row],[Schul-nummer]],tab_SCHULLISTE[],3,FALSE)) -> 0003 - Spessart-Gymnasium Alzenau
A10: =A9+1 -> 4 | B10: =IFERROR(INDEX(tab_SCHULLISTE[SNR],_xlfn.AGGREGATE(15,6,ROW(tab_SCHULLISTE[SNR])/(FIND('Antrag SoLD'!$F$9,tab_SCHULLISTE[TKZ],1)>0),ROW()-6)-1,1),"") -> 0004 | C10: =IF(tab_SCHULEN_SAT[[#This Row],[Schul-nummer]]="","",VLOOKUP(tab_SCHULEN_SAT[[#This Row],[Schul-nummer]],tab_SCHULLISTE[],3,FALSE)) -> 0004 - Erasmus-Gymnasium Amberg
A11: =A10+1 -> 5 | B11: =IFERROR(INDEX(tab_SCHULLISTE[SNR],_xlfn.AGGREGATE(15,6,ROW(tab_SCHULLISTE[SNR])/(FIND('Antrag SoLD'!$F$9,tab_SCHULLISTE[TKZ],1)>0),ROW()-6)-1,1),"") -> 0005 | C11: =IF(tab_SCHULEN_SAT[[#This Row],[Schul-nummer]]="","",VLOOKUP(tab_SCHULEN_SAT[[#This Row],[Schul-nummer]],tab_SCHULLISTE[],3,FALSE)) -> 0005 - Gregor-Mendel-Gymnasium Amberg
A12: =A11+1 -> 6 | B12: =IFERROR(INDEX(tab_SCHULLISTE[SNR],_xlfn.AGGREGATE(15,6,ROW(tab_SCHULLISTE[SNR])/(FIND('Antrag SoLD'!$F$9,tab_SCHULLISTE[TKZ],1)>0),ROW()-6)-1,1),"") -> 0006 | C12: =IF(tab_SCHULEN_SAT[[#This Row],[Schul-nummer]]="","",VLOOKUP(tab_SCHULEN_SAT[[#This Row],[Schul-nummer]],tab_SCHULLISTE[],3,FALSE)) -> 0006 - Max-Reger-Gymnasium Amberg
A13: =A12+1 -> 7 | B13: =IFERROR(INDEX(tab_SCHULLISTE[SNR],_xlfn.AGGREGATE(15,6,ROW(tab_SCHULLISTE[SNR])/(FIND('Antrag SoLD'!$F$9,tab_SCHULLISTE[TKZ],1)>0),ROW()-6)-1,1),"") -> 0007 | C13: =IF(tab_SCHULEN_SAT[[#This Row],[Schul-nummer]]="","",VLOOKUP(tab_SCHULEN_SAT[[#This Row],[Schul-nummer]],tab_SCHULLISTE[],3,FALSE)) -> 0007 - Dr.-Johanna-Decker-Gymnasium Amberg der Schulstiftung der Diözese Regensburg
A14: =A13+1 -> 8 | B14: =IFERROR(INDEX(tab_SCHULLISTE[SNR],_xlfn.AGGREGATE(15,6,ROW(tab_SCHULLISTE[SNR])/(FIND('Antrag SoLD'!$F$9,tab_SCHULLISTE[TKZ],1)>0),ROW()-6)-1,1),"") -> 0008 | C14: =IF(tab_SCHULEN_SAT[[#This Row],[Schul-nummer]]="","",VLOOKUP(tab_SCHULEN_SAT[[#This Row],[Schul-nummer]],tab_SCHULLISTE[],3,FALSE)) -> 0008 - Deutschherren-Gymnasium Aichach
A15: =A14+1 -> 9 | B15: =IFERROR(INDEX(tab_SCHULLISTE[SNR],_xlfn.AGGREGATE(15,6,ROW(tab_SCHULLISTE[SNR])/(FIND('Antrag SoLD'!$F$9,tab_SCHULLISTE[TKZ],1)>0),ROW()-6)-1,1),"") -> 0009 | C15: =IF(tab_SCHULEN_SAT[[#This Row],[Schul-nummer]]="","",VLOOKUP(tab_SCHULEN_SAT[[#This Row],[Schul-nummer]],tab_SCHULLISTE[],3,FALSE)) -> 0009 - Karl-Ernst-Gymnasium Amorbach
A16: =A15+1 -> 10 | B16: =IFERROR(INDEX(tab_SCHULLISTE[SNR],_xlfn.AGGREGATE(15,6,ROW(tab_SCHULLISTE[SNR])/(FIND('Antrag SoLD'!$F$9,tab_SCHULLISTE[TKZ],1)>0),ROW()-6)-1,1),"") -> 0010 | C16: =IF(tab_SCHULEN_SAT[[#This Row],[Schul-nummer]]="","",VLOOKUP(tab_SCHULEN_SAT[[#This Row],[Schul-nummer]],tab_SCHULLISTE[],3,FALSE)) -> 0010 - Gymnasium Carolinum Ansbach
A17: =A16+1 -> 11 | B17: =IFERROR(INDEX(tab_SCHULLISTE[SNR],_xlfn.AGGREGATE(15,6,ROW(tab_SCHULLISTE[SNR])/(FIND('Antrag SoLD'!$F$9,tab_SCHULLISTE[TKZ],1)>0),ROW()-6)-1,1),"") -> 0011 | C17: =IF(tab_SCHULEN_SAT[[#This Row],[Schul-nummer]]="","",VLOOKUP(tab_SCHULEN_SAT[[#This Row],[Schul-nummer]],tab_SCHULLISTE[],3,FALSE)) -> 0011 - Platen-Gymnasium Ansbach
A18: =A17+1 -> 12 | B18: =IFERROR(INDEX(tab_SCHULLISTE[SNR],_xlfn.AGGREGATE(15,6,ROW(tab_SCHULLISTE[SNR])/(FIND('Antrag SoLD'!$F$9,tab_SCHULLISTE[TKZ],1)>0),ROW()-6)-1,1),"") -> 0012 | C18: =IF(tab_SCHULEN_SAT[[#This Row],[Schul-nummer]]="","",VLOOKUP(tab_SCHULEN_SAT[[#This Row],[Schul-nummer]],tab_SCHULLISTE[],3,FALSE)) -> 0012 - Theresien-Gymnasium Ansbach
A19: =A18+1 -> 13 | B19: =IFERROR(INDEX(tab_SCHULLISTE[SNR],_xlfn.AGGREGATE(15,6,ROW(tab_SCHULLISTE[SNR])/(FIND('Antrag SoLD'!$F$9,tab_SCHULLISTE[TKZ],1)>0),ROW()-6)-1,1),"") -> 0013 | C19: =IF(tab_SCHULEN_SAT[[#This Row],[Schul-nummer]]="","",VLOOKUP(tab_SCHULEN_SAT[[#This Row],[Schul-nummer]],tab_SCHULLISTE[],3,FALSE)) -> 0013 - Kronberg-Gymnasium Aschaffenburg
... A356: =A355+1 -> 350 | B356: =IFERROR(INDEX(tab_SCHULLISTE[SNR],_xlfn.AGGREGATE(15,6,ROW(tab_SCHULLISTE[SNR])/(FIND('Antrag SoLD'!$F$9,tab_SCHULLISTE[TKZ],1)>0),ROW()-6)-1,1),"") -> 0354 | C356: =IF(tab_SCHULEN_SAT[[#This Row],[Schul-nummer]]="","",VLOOKUP(tab_SCHULEN_SAT[[#This Row],[Schul-nummer]],tab_SCHULLISTE[],3,FALSE)) -> 0354 - Dante-Gymnasium München
B357: =COUNTA(tab_SCHULEN_SAT[Schul-nummer]) -> 351
A358: Bei Bedarf (Anzahl der Schulen > 25) bitte weitere Zeilen einblenden

Sheet SCHULLISTE
A1: SNR | B1: Name | C1: Name_MD | D1: TKZ
A2: 0001 | B2: Leibniz-Gymnasium Altdorf | C2: 0001 - Leibniz-Gymnasium Altdorf | D2: 5k114
A3: 0002 | B3: Maria-Ward-Gymnasium Altötting der Maria-Ward-Schulstiftung Passau | C3: 0002 - Maria-Ward-Gymnasium Altötting der Maria-Ward-Schulstiftung Passau | D3: 1p142
A4: 0003 | B4: Spessart-Gymnasium Alzenau | C4: 0003 - Spessart-Gymnasium Alzenau | D4: 6k010
A5: 0004 | B5: Erasmus-Gymnasium Amberg | C5: 0004 - Erasmus-Gymnasium Amberg | D5: 3k007
A6: 0005 | B6: Gregor-Mendel-Gymnasium Amberg | C6: 0005 - Gregor-Mendel-Gymnasium Amberg | D6: 3k007
A7: 0006 | B7: Max-Reger-Gymnasium Amberg | C7: 0006 - Max-Reger-Gymnasium Amberg | D7: 3x900
A8: 0007 | B8: Dr.-Johanna-Decker-Gymnasium Amberg der Schulstiftung der Diözese Regensburg | C8: 0007 - Dr.-Johanna-Decker-Gymnasium Amberg der Schulstiftung der Diözese Regensburg | D8: 3p046
A9: 0008 | B9: Deutschherren-Gymnasium Aichach | C9: 0008 - Deutschherren-Gymnasium Aichach | D9: 7k005
A10: 0009 | B10: Karl-Ernst-Gymnasium Amorbach | C10: 0009 - Karl-Ernst-Gymnasium Amorbach | D10: 6k005
A11: 0010 | B11: Gymnasium Carolinum Ansbach | C11: 0010 - Gymnasium Carolinum Ansbach | D11: 5k010
A12: 0011 | B12: Platen-Gymnasium Ansbach | C12: 0011 - Platen-Gymnasium Ansbach | D12: 5k010
... A981: 1023 | B981: Rudolf-Steiner-Schule Gröbenzell | C981: 1023 - Rudolf-Steiner-Schule Gröbenzell | D981: 1p232
A982: 1026 | B982: Europäische Schule München | C982: 1026 - Europäische Schule München | D982: #N/A
A983: 1033 | B983: Rudolf-Steiner-Schule München-Daglfing | C983: 1033 - Rudolf-Steiner-Schule München-Daglfing | D983: 1p193
A984: 1034 | B984: Freie Waldorfschule Erlangen | C984: 1034 - Freie Waldorfschule Erlangen | D984: 5p081
A985: 1035 | B985: Freie Waldorfschule Landsberg | C985: 1035 - Freie Waldorfschule Landsberg | D985: 1p223
A986: 1037 | B986: Rudolf-Steiner-Schule Coburg | C986: 1037 - Rudolf-Steiner-Schule Coburg | D986: 4p068
A987: 1038 | B987: Rudolf-Steiner-Schule Ismaning | C987: 1038 - Rudolf-Steiner-Schule Ismaning | D987: 1p075
A988: 1039 | B988: Freie Waldorfschule München Südwest | C988: 1039 - Freie Waldorfschule München Südwest | D988: 1p067
A989: 1041 | B989: Priv. Waldorfschule Hof | C989: 1041 - Priv. Waldorfschule Hof | D989: 4p060
A990: 1042 | B990: Freie Waldorfschule Wendelstein | C990: 1042 - Freie Waldorfschule Wendelstein | D990: 5p085
A991: 1044 | B991: Freie Waldorfschule Rosenheim | C991: 1044 - Freie Waldorfschule Rosenheim | D991: 1p057
A992: 1045 | B992: Freie Waldorfschule in den Mainauen Haßfurt des Gründungskreises Waldorfschule Mainfranken e.V. | C992: 1045 - Freie Waldorfschule in den Mainauen Haßfurt des Gründungskreises Waldorfschule Mainfranken e.V. | D992: 6p028
A993: 1046 | B993: Freie Schule Glonntal in Baiern | C993: 1046 - Freie Schule Glonntal in Baiern | D993: 1p094
A994: 1048 | B994: Freie Waldorfschule Isartal in Geretsried der Freie Waldorfschule Isartal in Geretsried gem.e.G. | C994: 1048 - Freie Waldorfschule Isartal in Geretsried der Freie Waldorfschule Isartal in Geretsried gem.e.G. | D994: 1p066
... A6321: 3304 | B6321: Private Berufsfachschule für Physiotherapie der Pschick Group Schulen gem. GmbH Rosenheim | C6321: 3304 - Private Berufsfachschule für Physiotherapie der Pschick Group Schulen gem. GmbH Rosenheim | D6321: 1p237

Sheet SATLISTE
C1: =SUBTOTAL(9,tab_SATLISTE[Gerätezahl]) -> 92815 | D1: =SUBTOTAL(9,tab_SATLISTE[Sonderbudget]) -> 92815000 | E1: =SUBTOTAL(9,tab_SATLISTE[Pauschale]) -> 22875750 | F1: =SUBTOTAL(9,tab_SATLISTE[Antragsgrenze]) -> 138317
A2: SAT-ID | B2: Schulaufwandsträger | C2: Gerätezahl | D2: Sonderbudget | E2: Pauschale | F2: Antragsgrenze | G2: RBZ
A3: 1k001 | B3: Adelschlag, Gemeinde | C3: 5 | D3: 5000 | E3: 1250 | F3: 7 | G3: =IF(MID(tab_SATLISTE[[#This Row],[SAT-ID]],2,1)="x","x",LEFT(tab_SATLISTE[[#This Row],[SAT-ID]])) -> 1 | H3: Oberbayern - kommunal
A4: 1k002 | B4: Ainring, Gemeinde | C4: 21 | D4: 21000 | E4: 5250 | F4: 29 | G4: =IF(MID(tab_SATLISTE[[#This Row],[SAT-ID]],2,1)="x","x",LEFT(tab_SATLISTE[[#This Row],[SAT-ID]])) -> 1 | H4: Oberbayern - kommunal
A5: 1k003 | B5: Allershausen, Schulverband | C5: 18 | D5: 18000 | E5: 4500 | F5: 28 | G5: =IF(MID(tab_SATLISTE[[#This Row],[SAT-ID]],2,1)="x","x",LEFT(tab_SATLISTE[[#This Row],[SAT-ID]])) -> 1 | H5: Oberbayern - kommunal
A6: 1k004 | B6: Alling, Gemeinde | C6: 10 | D6: 10000 | E6: 2500 | F6: 15 | G6: =IF(MID(tab_SATLISTE[[#This Row],[SAT-ID]],2,1)="x","x",LEFT(tab_SATLISTE[[#This Row],[SAT-ID]])) -> 1 | H6: Oberbayern - kommunal
A7: 1k005 | B7: Altenmarkt a.d.Alz, Gemeinde | C7: 5 | D7: 5000 | E7: 1250 | F7: 7 | G7: =IF(MID(tab_SATLISTE[[#This Row],[SAT-ID]],2,1)="x","x",LEFT(tab_SATLISTE[[#This Row],[SAT-ID]])) -> 1 | H7: Oberbayern - kommunal
A8: 1k006 | B8: Altenstadt (Oberbayern), Gemeinde | C8: 5 | D8: 5000 | E8: 1250 | F8: 7 | G8: =IF(MID(tab_SATLISTE[[#This Row],[SAT-ID]],2,1)="x","x",LEFT(tab_SATLISTE[[#This Row],[SAT-ID]])) -> 1 | H8: Oberbayern - kommunal
A9: 1k007 | B9: Althegnenberg, Gemeinde | C9: 7 | D9: 7000 | E9: 1750 | F9: 11 | G9: =IF(MID(tab_SATLISTE[[#This Row],[SAT-ID]],2,1)="x","x",LEFT(tab_SATLISTE[[#This Row],[SAT-ID]])) -> 1 | H9: Oberbayern - kommunal
A10: 1k008 | B10: Altmannstein M., Gemeinde | C10: 21 | D10: 21000 | E10: 5250 | F10: 33 | G10: =IF(MID(tab_SATLISTE[[#This Row],[SAT-ID]],2,1)="x","x",LEFT(tab_SATLISTE[[#This Row],[SAT-ID]])) -> 1 | H10: Oberbayern - kommunal
A11: 1k009 | B11: Altomünster, Schulverband | C11: 21 | D11: 21000 | E11: 5250 | F11: 32 | G11: =IF(MID(tab_SATLISTE[[#This Row],[SAT-ID]],2,1)="x","x",LEFT(tab_SATLISTE[[#This Row],[SAT-ID]])) -> 1 | H11: Oberbayern - kommunal
A12: 1k010 | B12: Altötting, Landkreis | C12: 307 | D12: 307000 | E12: 76750 | F12: 470 | G12: =IF(MID(tab_SATLISTE[[#This Row],[SAT-ID]],2,1)="x","x",LEFT(tab_SATLISTE[[#This Row],[SAT-ID]])) -> 1 | H12: Oberbayern - kommunal
A13: 1k011 | B13: Altötting, St., Gemeinde | C13: 43 | D13: 43000 | E13: 10750 | F13: 66 | G13: =IF(MID(tab_SATLISTE[[#This Row],[SAT-ID]],2,1)="x","x",LEFT(tab_SATLISTE[[#This Row],[SAT-ID]])) -> 1 | H13: Oberbayern - kommunal
A14: 1k012 | B14: Amerang - Grundschule -, Schulverband | C14: 8 | D14: 8000 | E14: 2000 | F14: 13 | G14: =IF(MID(tab_SATLISTE[[#This Row],[SAT-ID]],2,1)="x","x",LEFT(tab_SATLISTE[[#This Row],[SAT-ID]])) -> 1 | H14: Oberbayern - kommunal
... A2562: 6x900 | B2562: Freistaat Bayern - Universitätsklinikum Würzburg | C2562: 112 | D2562: 112000 | E2562: 0 | F2562: 172 | G2562: =IF(MID(tab_SATLISTE[[#This Row],[SAT-ID]],2,1)="x","x",LEFT(tab_SATLISTE[[#This Row],[SAT-ID]])) -> x | H2562: Freistaat Bayern
A2563: 1p234 | B2563: Bayerisches Rotes Kreuz Kreisverband München | C2563: 0 | D2563: 0 | E2563: =0.25*tab_SATLISTE[[#This Row],[Sonderbudget]] -> 0 | F2563: 0 | G2563: =IF(MID(tab_SATLISTE[[#This Row],[SAT-ID]],2,1)="x","x",LEFT(tab_SATLISTE[[#This Row],[SAT-ID]])) -> 1
A2564: 1p236 | B2564: BBS Akademie Süd gGmbH | C2564: 0 | D2564: 0 | E2564: =0.25*tab_SATLISTE[[#This Row],[Sonderbudget]] -> 0 | F2564: 0 | G2564: =IF(MID(tab_SATLISTE[[#This Row],[SAT-ID]],2,1)="x","x",LEFT(tab_SATLISTE[[#This Row],[SAT-ID]])) -> 1
A2565: 1p237 | B2565: Pschick Group Schulen gGmbH | C2565: 0 | D2565: 0 | E2565: =0.25*tab_SATLISTE[[#This Row],[Sonderbudget]] -> 0 | F2565: 0 | G2565: =IF(MID(tab_SATLISTE[[#This Row],[SAT-ID]],2,1)="x","x",LEFT(tab_SATLISTE[[#This Row],[SAT-ID]])) -> 1
A2566: 2p072 | B2566: Döpfer-Schulen Regensburg gGmbH | C2566: 0 | D2566: 0 | E2566: =0.25*tab_SATLISTE[[#This Row],[Sonderbudget]] -> 0 | F2566: 0 | G2566: =IF(MID(tab_SATLISTE[[#This Row],[SAT-ID]],2,1)="x","x",LEFT(tab_SATLISTE[[#This Row],[SAT-ID]])) -> 2
A2567: 4k900 | B2567: Memmelsdorf, Gemeinde (Koop) | C2567: 0 | D2567: 0 | E2567: =0.25*tab_SATLISTE[[#This Row],[Sonderbudget]] -> 0 | F2567: 0 | G2567: =IF(MID(tab_SATLISTE[[#This Row],[SAT-ID]],2,1)="x","x",LEFT(tab_SATLISTE[[#This Row],[SAT-ID]])) -> 4
A2568: 4p069 | B2568: Hochfränkisches Bildungszentrum für Gesundheit und Pflege gGmbH | C2568: 0 | D2568: 0 | E2568: =0.25*tab_SATLISTE[[#This Row],[Sonderbudget]] -> 0 | F2568: 0 | G2568: =IF(MID(tab_SATLISTE[[#This Row],[SAT-ID]],2,1)="x","x",LEFT(tab_SATLISTE[[#This Row],[SAT-ID]])) -> 4
A2569: 5p086 | B2569: Montessori Initiative Fürth e. V. | C2569: 0 | D2569: 0 | E2569: =0.25*tab_SATLISTE[[#This Row],[Sonderbudget]] -> 0 | F2569: 0 | G2569: =IF(MID(tab_SATLISTE[[#This Row],[SAT-ID]],2,1)="x","x",LEFT(tab_SATLISTE[[#This Row],[SAT-ID]])) -> 5
A2570: 6p075 | B2570: Montessori Lohr am Main e. V. | C2570: 0 | D2570: 0 | E2570: =0.25*tab_SATLISTE[[#This Row],[Sonderbudget]] -> 0 | F2570: 0 | G2570: =IF(MID(tab_SATLISTE[[#This Row],[SAT-ID]],2,1)="x","x",LEFT(tab_SATLISTE[[#This Row],[SAT-ID]])) -> 6
